 Dungeon Crawl Stone Soup version 0.22.1-2-g9c5b331 (webtiles) character file.

233 HerrDoktor the Slasher (level 5, -2/47 HPs)
             Began as a Draconian Berserker on Dec 25, 2018.
             Was a Priest of Trog.
             Succumbed to a goblin's poison
             ... on level 3 of the Dungeon.
             The game lasted 00:09:54 (2151 turns).

HerrDoktor the Slasher (Draconian Berserker)        Turns: 2151, Time: 00:09:55

Health: -2/47      AC:  5    Str: 20    XL:     5   Next: 74%
Magic:  5/5        EV: 13    Int:  8    God:    Trog [***...]
Gold:   200        SH:  0    Dex: 10    Spells: 4/4 levels left

rFire    . . .     SeeInvis .   a - +0 falchion
rCold    . . .     Gourm    .   (no shield)
rNeg     . . .     Faith    .   (armour unavailable)
rPois    .         Spirit   .   (helmet restricted)
rElec    .         Reflect  .   (no cloak)
rCorr    .         Harm     .   (no gloves)
MR       .....                  (no boots)
Stlth    +.........             (no amulet)
HPRegen  0.15/turn              (no ring)
MPRegen  0.09/turn              (no ring)

@: lethally poisoned (-2 -> -63), berserk cooldown, slowed, very slow
A: unfitting armour, cold-blooded, AC +5
a: Berserk, Trog's Hand, Renounce Religion


You were on level 3 of the Dungeon.
You worshipped Trog.
Trog was most pleased with you.
You were hungry.

You visited 1 branch of the dungeon, and saw 3 of its levels.

You collected 200 gold pieces.

Inventory:

Hand Weapons
 a - a +0 falchion (weapon)
 j - a +0 falchion
Missiles
 c - 3 tomahawks (quivered)
 e - 25 sling bullets
 f - 53 stones
Armour
 h - a +1 leather armour
 o - a +0 chain mail
Scrolls
 g - 3 scrolls of magic mapping
 l - a scroll of amnesia
Potions
 i - 3 potions of curing
 k - a potion of berserk rage {unknown}
 m - a potion of lignification {unknown}
 p - a potion of degeneration {unknown}
Comestibles
 b - 6 rations
 d - 2 chunks of flesh


   Skills:
 + Level 4.6 Fighting
 * Level 5.2 Long Blades
 + Level 0.3 Throwing
 * Level 3.3 Dodging


You had 4 spell levels left.
You didn't know any spells.
Your spell library was empty.

Dungeon Overview and Level Annotations

Branches:
Dungeon (3/15)

Altars:
Hepliaklqana
Kikubaaqudgha


Innate Abilities, Weirdness & Mutations

Your plain brown scales are hard. (AC +5)
You cannot fit into any form of body armour.
You are cold-blooded and may be slowed by cold attacks.


Message History

You hit the goblin.
The goblin is moderately wounded.
You feel very sick. The goblin hits you but does no damage.
You are more poisoned.
You completely miss the goblin.
The goblin is moderately wounded.
* * * LOW HITPOINT WARNING * * *
You feel very sick. The goblin hits you but does no damage.
You are more poisoned.
The goblin completely misses you.
You closely miss the goblin.
The goblin is moderately wounded.
* * * LOW HITPOINT WARNING * * *
You feel extremely sick.
The goblin hits you with a dagger of venom.
* * * LOW HITPOINT WARNING * * *
You are more poisoned.
You die...

.....##...##.?........
#.........#..........
.....................
#..##.#...$........
..####.......##.####....
......>.........# ..
#####).....#..##
###.).....#...##.
#..)@)..#.......
......#.g)..###...##
......#.)##...#....#
...#........#......## ..
..##..#.....[.....
..............)......
...#.....#..o....... .
$..#.....(o.(....
.....#...........


You could see a goblin.

Vanquished Creatures
  2 orc priests
  An orc wizard (D:3)
  Natasha (D:2)
  An adder (D:2)
  3 oozes
  A worm (D:2)
  2 dart slugs
  4 leopard geckos
  7 orcs
  2 ball pythons
  6 bats
  6 giant cockroaches
  6 goblins
  10 hobgoblins
  7 jackals (D:2)
  A quokka (D:2)
  4 frilled lizards
  5 kobolds
  9 rats
78 creatures vanquished.

Notes
Turn   | Place    | Note
-------+----------+-------------------------------------------
     0 | D:1      | HerrDoktor the Draconian Berserker began the quest for the
                  | Orb.
     0 | D:1      | Reached XP level 1. HP: 19/19 MP: 1/1
    74 | D:1      | Reached XP level 2. HP: 26/27 MP: 2/2
   206 | D:1      | Reached XP level 3. HP: 30/33 MP: 3/3
   421 | D:1      | Reached ** piety under Trog
   859 | D:2      | Reached XP level 4. HP: 28/40 MP: 4/4
   925 | D:2      | Reached skill level 4 in Long Blades
  1167 | D:2      | Noticed Natasha
  1177 | D:2      | Killed Natasha
  1552 | D:2      | Found a hazy altar of Hepliaklqana.
  1552 | D:2      | Found an ancient bone altar of Kikubaaqudgha.
  1796 | D:2      | Reached XP level 5. HP: 5/47 MP: 5/5
  2093 | D:3      | Reached skill level 5 in Long Blades
  2133 | D:3      | Reached *** piety under Trog
  2151 | D:3      | Succumbed to a goblin's poison

Skill      XL: |  1  2  3  4  5 |
---------------+----------------+-----
Fighting       | 4 |  4.6
Dodging        | 3 |  3.3
Long Blades    | 4 5 |  5.2
Throwing       | |  0.3

Action                   |  1- 3 |  4- 6 || total
-------------------------+-------+-------++-------
Melee: Falchion          |   115 |   110 ||   225
       Tailslap          |    14 |    18 ||    32
Throw: Tomahawk          |    11 |     6 ||    17
       Stone             |       |     1 ||     1
Invok: Berserk           |       |     2 ||     2
  Use: Scroll            |       |     5 ||     5
  Eat: Ration            |       |     1 ||     1
       Chunk             |       |     2 ||     2
Armor: Skin              |    36 |    28 ||    64
Dodge: Dodged            |    70 |    75 ||   145
       Rpst.: Falchion   |    20 |    28 ||    48
